 Seeded DCSS version 0.28-a0-1206-g193881aaa2 (webtiles) character file.

Game seed: 2021122 (custom seed)

31874 a11behringer the Impaler (level 13, -6/178 HPs)
             Began as a Minotaur Berserker on Dec 21, 2021.
             Was a High Priest of Trog.
             Mangled by an orc high priest (14 damage)
             ... on level 2 of the Orcish Mines.
             The game lasted 00:40:20 (11505 turns).

a11behringer the Impaler (Minotaur Berserker)      Turns: 11505, Time: 00:40:21

Health: -6/178     AC: 25    Str: 30    XL:     13   Next: 28%
Magic:  0/12       EV:  9    Int: 14    God:    Trog [*****.]
Gold:   1394       SH:  4    Dex: 12    Spells: 12/12 levels left

rFire   . . .      SeeInvis +   i - +1 demon trident (elec)
rCold   . . .      Faith    .   W - +0 buckler
rNeg    . . .      Spirit   +   r - +1 plate armour of Jimozuugh {Str+5 Stlth-}
rPois   +          Reflect  .   I - +2 hat
rElec   +          Harm     .   A - +2 cloak
rCorr   +          Rampage  .   G - +0 pair of gloves
Will    +++..                   (no boots)
Stlth   ..........              E - amulet of Lepsasch {Spirit Regen+ rCorr Int+4}
HPRegen 2.19/turn               o - ring of see invisible
MPRegen 0.13/turn               R - ring "Munanal" {Fly rElec rPois Will+ Int+6}

@: berserking (expiring), strong-willed, flying, regenerating, very quick
A: horns 2, retaliatory headbutt
a: Renounce Religion, Berserk, Trog's Hand, Brothers in Arms


You were on level 2 of the Orcish Mines.
You worshipped Trog.
Trog was extremely pleased with you.
You visited 2 branches of the dungeon, and saw 14 of its levels.

You collected 1524 gold pieces.
You spent 130 gold pieces at shops.

Inventory:

Hand Weapons
 b - the +8 mace of Juvihas {drain, rN++ rCorr Str-5 Dex+8}
   (You found it on level 12 of the Dungeon)

   A truly terrible weapon, it drains the life of any living foe it strikes.
   Str:       It affects your strength (-5).
   Dex:       It affects your dexterity (+8).
   rN:        It greatly protects you from negative energy.
   rCorr:     It protects you from acid and corrosion.
 i - a +1 demon trident of electrocution (weapon)
 w - a +0 vorpal scythe
 J - a +3 antimagic bardiche
 K - a +0 hunting sling of freezing
 P - a +0 fustibalus of freezing
 S - a +2 glaive of protection
 T - a +0 longbow
Missiles
 s - 83 sling bullets
 x - 338 arrows
 F - 3 throwing nets (quivered)
Armour
 c - a +1 plate armour
 d - the +2 leather armour "Jitamarch" {*Corrode rPois rC++ Slay+6}
   (You found it on level 12 of the Dungeon)

   Slay:      It affects your accuracy & damage with ranged weapons and melee
   (+6).
   rC:        It greatly protects you from cold.
   rPois:     It protects you from poison.
   *Corrode:  It may corrode you when you take damage.
 r - the +1 plate armour of Jimozuugh (worn) {Str+5 Stlth-}
   (You found it on level 7 of the Dungeon)

   Str:       It affects your strength (+5).
   Stlth:     It makes you less stealthy.
 A - a +2 cloak (worn)
 C - a +0 kite shield
 G - a +0 pair of gloves (worn)
 I - a +2 hat (worn)
 W - a +0 buckler (worn)
Jewellery
 o - a ring of see invisible (left hand)
 B - a ring of resist corrosion
 D - the amulet of Iblystri {Spirit Will+}
   (You acquired it on level 7 of the Dungeon)

   [amulet of guardian spirit]

   It causes incoming damage to be divided between your reserves of health and
   magic.
   Will:      It increases your willpower.
 E - the amulet of Lepsasch (around neck) {Spirit Regen+ rCorr Int+4}
   (You found it on level 7 of the Dungeon)

   [amulet of guardian spirit]

   It causes incoming damage to be divided between your reserves of health and
   magic.
   Int:       It affects your intelligence (+4).
   Regen:     It increases your rate of health regeneration.
   rCorr:     It protects you from acid and corrosion.
 L - an amulet of regeneration
 R - the ring "Munanal" (right hand) {Fly rElec rPois Will+ Int+6}
   (You took it off a centaur warrior on level 11 of the Dungeon)

   [ring of intelligence]

   Int:       It affects your intelligence (+6).
   rElec:     It insulates you from electricity.
   rPois:     It protects you from poison.
   Fly:       It grants you flight.
   Will:      It increases your willpower.
 X - the amulet of the Garden {Acrobat rElec rPois rC+ Will+}
   (You took it off a meliai on level 11 of the Dungeon)

   [amulet of the acrobat]

   It increases your evasion while moving and waiting.
   rC:        It protects you from cold.
   rElec:     It insulates you from electricity.
   rPois:     It protects you from poison.
   Will:      It increases your willpower.
Wands
 a - a wand of acid (5)
 l - a wand of digging (1)
 u - a wand of iceblast (16)
 y - a wand of flame (51)
Scrolls
 g - 2 scrolls of fog
 j - a scroll of summoning {unknown}
 k - a scroll of silence
 m - 2 scrolls of magic mapping
 q - 9 scrolls of teleportation
 v - a scroll of immolation
 H - a scroll of fear
 M - 2 scrolls of blinking
 Q - 5 scrolls of identify
 V - a scroll of holy word {unknown}
 Z - a scroll of enchant armour
Potions
 e - a potion of mutation
 f - 2 potions of cancellation {unknown}
 h - 6 potions of curing
 p - a potion of might
 t - a potion of resistance
 z - 3 potions of attraction
Miscellaneous
 Y - a condenser vane


   Skills:
 + Level 12.3 Fighting
 * Level 18.6 Polearms
 + Level 15.4 Armour
 + Level 3.5 Dodging
 * Level 3.6 Shields


You had 12 spell levels left.
You didn't know any spells.
Your spell library was empty.

Dungeon Overview and Level Annotations

Branches:
Dungeon (12/15)            Temple (0/1) D:6            Lair (0/6) D:9
    Orc (2/2) D:9
    Elf: Orc:2

Altars:
Elyvilon
Gozag
Hepliaklqana
Qazlal
Ru
Wu Jian
Xom
Beogh

Shops:
D:3 *   D:4 [   D:9 *   D:10 :

Annotations:
D:9 2 transporters, bande's ghost, novice GrFi


Innate Abilities, Weirdness & Mutations

You have a pair of horns on your head.
You reflexively headbutt those who attack you in melee.


Message History

Your troll claws the orc warrior!
You hit the orc priest.
The orc priest is moderately wounded.
An orc comes into view. It is wielding a +0 hand axe.
You puncture the orc priest! Your headbutt misses the orc priest.
The orc priest is almost dead.
An orc warrior comes into view. It is wielding a +0 glaive.
Your troll bites the orc priest!
The orc priest dies!
Trog accepts your kill. The orc priest barely misses you.
The orc high priest hits you from afar with a +0 glaive.
* * * LOW HITPOINT WARNING * * *
An orc and an orc priest come into view.
The orc priest shouts!
The orc shouts!
You hear a shout!
The orc hits your troll with a +0 mace!
An orc sorcerer comes into view. It is wielding a +0 dagger.
Your troll closely misses the orc.
Your troll barely misses the orc. x2
An orc priest comes into view. It is wielding a +0 flail.
The orc priest moves out of view.
You puncture the orc high priest!
The orc high priest is lightly wounded.
The orc priest hits you with a +0 hand axe.
* * * LOW HITPOINT WARNING * * *
The orc high priest mumbles some strange prayers to Beogh.
An orc priest comes into view. It is wielding a +0 club.
The orc hits your troll with a +0 mace.
You closely miss the orc high priest.
The orc high priest is lightly wounded.
Your troll bites the orc!!
The orc dies!
Trog accepts your kill. The orc hits you but does no damage.
The orc warrior hits you with a +0 war axe!
* * * LOW HITPOINT WARNING * * *
You closely miss the orc high priest.
Your headbutt misses the orc high priest.
The orc high priest is lightly wounded.
The orc high priest hits you with a +0 glaive!
You die...

# .. #.o. # ... #o.o
# .... ... .
....#####.. .# ..
.......... #.. ##
....3.. #... #
#####.oo######....
.......@o)..o.......
. .......oooo)...#
... .
##########T)...##...
##..........
#...........
##..........
########........
##.##..##...##.......
#............# ....


You could see an orc high priest (strong), a sixfirhy (summoned), an orc
sorcerer, 2 orc warriors, 2 orc priests, 2 orc wizards, 3 orcs and a friendly
troll (summoned, berserk).

Vanquished Creatures
  3 hydras
  Harold (D:8)
  A death knight (D:12)
  3 centaur warriors
  2 two-headed ogres
  The ghost of AttackTheMoon the Fighter, a journeyman GrEE of Sif Muna (D:10)
  A tengu warrior (D:11)
  An orc high priest (Orc:2)
  An orc knight (D:10)
  A wolf spider (D:11)
  2 cyclopes (D:11)
  4 ugly things
  A manticore (D:12)
  Maurice (D:8)
  2 unseen horrors (D:11)
  A kobold demonologist (D:9)
  2 tengu conjurers (D:11)
  2 komodo dragons
  8 trolls
  2 meliai (D:11)
  A dream sheep (shapeshifter) (D:11)
  A spriggan (shapeshifter) (D:10)
  A shadow (D:10)
  Sigmund (D:5)
  A spriggan (D:8)
  2 vampires (D:12)
  A tarantella (shapeshifter) (D:11)
  3 wraiths (D:12)
  Eustachio (D:5)
  A wyvern (D:7)
  22 yaks
  A steam dragon (D:9)
  9 vampire mosquitoes
  Edmund (D:5)
  2 acid dragons (D:11)
  5 water moccasins
  Duvessa (D:7)
  3 ice beasts
  13 orc warriors
  2 black bears
  A necrophage (D:5)
  An ogre (Orc:2)
  7 centaurs
  7 kobold brigands
  8 bullfrogs
  3 gnoll sergeants
  2 scorpions
  2 wyvern skeletons
  Dowan (D:7)
  8 killer bees
  3 wights (D:9)
  6 howler monkeys
  4 centaur zombies
  4 hounds
  16 orc priests
  Crazy Yiuf (D:5)
  A gnoll shaman (D:9)
  2 bullfrog skeletons (D:6)
  A centaur skeleton (D:6)
  Jessica (D:2)
  Natasha (thrice) (D:2)
  Terence (D:2)
  2 iguanas
  23 orc wizards
  17 gnolls
  6 adders
  9 river rats (D:6)
  2 white imps
  An ufetubus (D:4)
  2 adder skeletons (D:4)
  The ghost of RancidPinata the Sneak, a weakling GrDe (D:7)
  2 dart slugs (D:4)
  78 orcs
  2 bats (D:1)
  4 endoplasms
  2 giant cockroaches (D:2)
  7 goblins
  3 hobgoblins
  8 jackals
  9 quokkas
  A ball python (D:3)
  2 frilled lizards
  16 kobolds
  22 rats
414 creatures vanquished.

Vanquished Creatures (collateral kills)
  An orc knight (Orc:2)
  A manticore (D:11)
  An ugly thing (D:11)
  A cyclops (D:11)
  2 wraiths (D:11)
  A warg (Orc:2)
  An orc priest (Orc:2)
  An orc (Orc:2)
9 creatures vanquished.

Vanquished Creatures (others)
  An unseen horror (D:11)
  27 fungi (D:9)
  38 plants (D:9)
66 creatures vanquished.

Grand Total: 489 creatures vanquished

Notes
Turn   | Place    | Note
-------+----------+-------------------------------------------
     0 | D:1      | a11behringer the Minotaur Berserker began the quest for the
                  | Orb.
     0 | D:1      | Reached XP level 1. HP: 19/19 MP: 0/0
   614 | D:2      | Noticed Natasha
   622 | D:2      | Killed Natasha
   623 | D:2      | Reached skill level 4 in Polearms
   623 | D:2      | Reached XP level 2. HP: 16/27 MP: 1/1
   624 | D:2      | Reached XP level 3. HP: 20/33 MP: 2/2
   936 | D:2      | Noticed Terence
   948 | D:2      | Killed Terence
   949 | D:2      | Reached XP level 4. HP: 40/40 MP: 3/3
   984 | D:2      | Noticed Jessica
  1001 | D:2      | Killed Jessica
  1002 | D:2      | Reached skill level 5 in Polearms
  1025 | D:2      | Noticed Natasha
  1032 | D:2      | Killed Natasha
  1302 | D:2      | Noticed Natasha
  1314 | D:2      | Killed Natasha
  1315 | D:2      | Reached XP level 5. HP: 37/47 MP: 4/4
  1775 | D:3      | Found a shimmering altar of Xom.
  1837 | D:3      | Reached ** piety under Trog
  1886 | D:3      | Found Kocipesu's General Store.
  2190 | D:3      | Reached skill level 6 in Polearms
  2404 | D:3      | Found a faded altar of an unknown god.
  2531 | D:4      | Reached XP level 6. HP: 43/55 MP: 5/5
  2783 | D:4      | Reached skill level 5 in Armour
  3104 | D:4      | Found Batoram's Armour Shop.
  3166 | D:5      | Entered Level 5 of the Dungeon
  3174 | D:5      | Reached skill level 5 in Fighting
  3197 | D:5      | Reached *** piety under Trog
  3252 | D:5      | Noticed Eustachio
  3267 | D:5      | Killed Eustachio
  3268 | D:5      | Reached skill level 7 in Polearms
  3268 | D:5      | Reached XP level 7. HP: 61/61 MP: 6/6
  3441 | D:5      | Noticed Sigmund
  3448 | D:5      | Killed Sigmund
  3449 | D:5      | Reached skill level 8 in Polearms
  3556 | D:5      | Found a runed translucent door.
  3557 | D:5      | Noticed Crazy Yiuf
  3926 | D:5      | Found a white marble altar of Elyvilon.
  4007 | D:5      | Noticed Edmund
  4016 | D:5      | Killed Edmund
  4017 | D:5      | Reached XP level 8. HP: 53/70 MP: 7/7
  4341 | D:5      | Killed Crazy Yiuf
  4342 | D:5      | Reached skill level 9 in Polearms
  4535 | D:6      | Found a staircase to the Ecumenical Temple.
  4751 | D:6      | Reached skill level 10 in Polearms
  4851 | D:6      | Found an ornate altar of the Wu Jian Council.
  5714 | D:6      | Reached XP level 9. HP: 78/78 MP: 8/8
  5732 | D:6      | Reached skill level 11 in Polearms
  5891 | D:6      | Reached **** piety under Trog
  6186 | D:7      | Found a runed translucent door.
  6190 | D:7      | Noticed RancidPinata's ghost (weakling GrDe)
  6196 | D:7      | Noticed a troll
  6198 | D:7      | Killed RancidPinata's ghost
  6200 | D:7      | Killed a troll
  6204 | D:7      | Identified the +1 plate armour of Jimozuugh {Str+5 Stlth-}
  6241 | D:7      | Identified the amulet of Lepsasch {Spirit Regen+ rCorr
                  | Int+4}
  6338 | D:7      | Reached skill level 12 in Polearms
  6345 | D:7      | Noticed Duvessa
  6345 | D:7      | Noticed Dowan
  6353 | D:7      | Killed Duvessa
  6355 | D:7      | Killed Dowan
  6419 | D:7      | Identified a scroll of acquirement
  6743 | D:8      | Noticed a two-headed ogre
  6751 | D:8      | Killed a two-headed ogre
  6787 | D:8      | Reached skill level 13 in Polearms
  6864 | D:8      | Noticed Maurice
  6874 | D:8      | Killed Maurice
  6875 | D:8      | Reached XP level 10. HP: 88/88 MP: 9/9
  6922 | D:8      | Noticed Harold
  6933 | D:8      | Killed Harold
  6934 | D:8      | Reached skill level 10 in Armour
  7248 | D:8      | Found a stormy altar of Qazlal.
  7248 | D:8      | Found a hazy altar of Hepliaklqana.
  7594 | D:9      | Reached skill level 14 in Polearms
  7622 | D:9      | Found a staircase to the Lair.
  7858 | D:9      | Reached skill level 15 in Polearms
  7923 | D:9      | Found a staircase to the Orcish Mines.
  7989 | D:9      | Reached XP level 11. HP: 90/95 MP: 8/10
  8179 | D:9      | Noticed a centaur warrior
  8188 | D:9      | Killed a centaur warrior
  8192 | D:9      | Reached ***** piety under Trog
  8216 | D:9      | Found Daip's Assorted Antiques.
  8221 | D:9      | Bought a bone ring for 130 gold pieces
  8310 | D:9      | Found a transporter.
  8311 | D:9      | Noticed bande's ghost (novice GrFi)
  8312 | D:9      | Noticed a four-headed hydra
  8313 | D:9      | Found a transporter.
  8326 | D:9      | Noticed a two-headed ogre
  8333 | D:9      | Killed a two-headed ogre
  8575 | D:9      | Acquired the amulet of Iblystri {Spirit Will+}
  8618 | D:10     | Entered Level 10 of the Dungeon
  8760 | D:10     | Noticed a five-headed hydra
  8769 | D:10     | Noticed an orc knight
  8772 | D:10     | Killed a five-headed hydra
  8773 | D:10     | Reached skill level 16 in Polearms
  8777 | D:10     | Killed an orc knight
  9162 | D:10     | Found a runed translucent gate.
  9162 | D:10     | Found a runed translucent gate.
  9162 | D:10     | Found a runed translucent gate.
  9163 | D:10     | Found an opulent altar of Gozag.
  9164 | D:10     | Noticed AttackTheMoon's ghost (journeyman GrEE)
  9165 | D:10     | Noticed a centaur warrior
  9226 | D:10     | Found Sen Ycze's Book Shoppe.
  9361 | D:10     | Noticed a harpy
  9364 | D:10     | a harpy changed into a spriggan
  9377 | D:10     | Killed AttackTheMoon's ghost
  9378 | D:10     | Reached skill level 10 in Fighting
  9382 | D:10     | Killed a centaur warrior
  9575 | D:11     | Noticed a six-headed hydra
  9581 | D:11     | Killed a six-headed hydra
  9582 | D:11     | Reached XP level 12. HP: 106/106 MP: 9/11
  9604 | D:11     | Noticed a tengu warrior
  9681 | D:10     | Found a sacrificial altar of Ru.
  9701 | D:11     | Reached skill level 17 in Polearms
  9707 | D:11     | Killed a tengu warrior
  9900 | D:11     | Identified the ring "Munanal" {Fly rElec rPois Will+ Int+6}
  9900 | D:11     | Noticed a centaur warrior
  9916 | D:11     | Killed a centaur warrior
 10051 | D:11     | Identified the amulet of the Garden {Acrobat rElec rPois
                  | rC+ Will+}
 10089 | D:11     | Reached skill level 15 in Armour
 10160 | D:11     | Reached skill level 1 in Shields
 10566 | D:12     | Identified the +8 mace of Juvihas {drain, rN++ rCorr Str-5
                  | Dex+8}
 10574 | D:12     | Identified the +2 leather armour "Jitamarch" {*Corrode
                  | rPois rC++ Slay+6}
 10596 | D:12     | Noticed an eight-headed hydra
 10605 | D:12     | Reached skill level 18 in Polearms
 10610 | D:12     | Killed an eight-headed hydra
 10615 | D:12     | Reached XP level 13. HP: 117/117 MP: 8/12
 11084 | Orc:1    | Entered Level 1 of the Orcish Mines
 11211 | Orc:2    | Entered Level 2 of the Orcish Mines
 11457 | Orc:2    | Received a gift from Trog
 11504 | Orc:2    | HP: 7/178 [orc warrior (9)]
 11505 | Orc:2    | Mangled by an orc high priest

Illustrated notes

Levels and vault maps discovered:
D:1:      nagdon_arrival_zigzag_paths, layout_basic
D:2:      layout_basic, uniq_natasha, uniq_terence, uniq_jessica
D:3:      layout_loops_ring, mainiacjoe_overflow_paths, serial_shops,
          shop_statue, dreamdust_ecumenical_altar_angels_and_demons, st_stairs_9
D:4:      layout_rooms, serial_shops, nicolae_shop_waterfront,
          kennysheep_generic_room_4
D:5:      lemuel_ice_spiral_2, layout_basic, lemuel_tele_altar, uniq_eustachio,
          uniq_sigmund, uniq_edmund, uniq_crazy_yiuf_cottage
D:6:      lemuel_ratsnest, layout_loops_corners,
          pdpol_wu_jian_five_deadly_venoms, minmay_temple_entry_grid,
          eino_curves_03, minivault_14, minmay_misc_feat_chi
D:7:      layout_basic, ebering_ghost_inner_flame, uniq_duvessa
D:8:      layout_cave_pods, gammafunk_temple_overflow_statue, the_hattery,
          uniq_harold, uniq_maurice
D:9:      layout_loops_ring, due_lair_maze_entry_diamond, david_orc_1_choice,
          serial_shops, nicolae_shop_hallway_plus, special_room
          [special_room_orc], gammafunk_ghost_arena
D:10:     layout_long_grid, nicolae_overflow_hidden_temple, ebering_ghost_gozag,
          serial_shops, kennysheep_mini, minmay_circle_x
D:11:     minmay_the_grid_octo_tiled_squarecenter_mashed
          [minmay_the_grid_octo_pinwheel, minmay_the_grid_octo_vomiting_pacman,
          minmay_the_grid_octo_clover_2, minmay_the_grid_octo_teeth,
          minmay_the_grid_square_5x5_megaprize_open,
          minmay_the_grid_square_5x5_three_walls,
          minmay_the_grid_square_5x5_tri_point,
          minmay_the_grid_square_5x5_two_small,
          minmay_the_grid_square_5x5_inner_i], layout_cave_pools
D:12:     layout_rooms
Orc:1:    layout_caves, basic_altar, bloody_makhleb, uniq_gastronok
Orc:2:    st_orc_mages, layout_caves, basic_altar

Skill      XL: |  1  2  3  4  5  6  7  8  9 10 11 12 13 |
---------------+----------------------------------------+-----
Fighting       | 4 5 6 7 8 10 11 12 | 12.3
Polearms       | 4 5 6 7 8 10 13 15 16 18 | 18.6
Armour         | 3 4 5 6 8 9 11 13 15 | 15.4
Dodging        | 3 |  3.5
Shields        | 2 3 |  3.6

Action                   |  1- 3 |  4- 6 |  7- 9 | 10-12 | 13-15 || total
-------------------------+-------+-------+-------+-------+-------++-------
Melee: Spear             |    33 |   220 |     5 |       |       ||   258
       Headbutt          |     5 |    35 |    48 |   103 |    25 ||   216
       Demon trident     |       |       |   271 |   497 |   147 ||   915
Invok: Berserk           |     2 |     4 |     6 |     9 |     1 ||    22
       Trog's Hand       |       |     1 |     3 |     5 |     2 ||    11
       Brothers in Arms  |       |       |       |     1 |     1 ||     2
  Use: Scroll            |       |     7 |     9 |     7 |       ||    23
       Potion            |       |       |       |       |     1 ||     1
Armor: Plate armour      |    18 |   120 |    91 |   322 |    33 ||   584
Dodge: Dodged            |     5 |    70 |    50 |   194 |    31 ||   350
Block: Buckler           |       |       |       |     9 |    11 ||    20

Table legend: (Time is in decaauts)
 A = Elapsed time spent in this place.
 B = Non-inter-level travel time spent in this place.
 C = Inter-level travel time spent in this place.
 D = Time resting spent in this place.
 E = Time spent auto-exploring this place.
 F = Levels seen in this place.
 G = Mean time per level.
                   A        B        C        D        E       F      G
               +--------+--------+--------+--------+--------+-----+--------+
         Total |  11330 |  10268 |   1062 |      0 |   8451 |  14 |  809.3 |
       Dungeon |  10951 |   9909 |   1042 |      0 |   8199 |  12 |  912.6 |
  Orcish Mines |    379 |    359 |     20 |      0 |    252 |   2 |  189.5 |
               +--------+--------+--------+--------+--------+-----+--------+

Top non-repeatable levels by time:
     D:6: 1528 daAuts
     D:5: 1298 daAuts
     D:2: 1170 daAuts
     D:9: 1046 daAuts
    D:10: 978 daAuts
    D:11: 931 daAuts
     D:8: 814 daAuts
     D:3: 723 daAuts
     D:7: 715 daAuts
     D:4: 668 daAuts
     D:1: 612 daAuts
    D:12: 463 daAuts
   Orc:2: 256 daAuts
   Orc:1: 123 daAuts
